 Dungeon Crawl Stone Soup version 0.31-a0-236-g9a0961fb85 (webtiles) character file.

Game seed: 10208684085926625945

173 qw the Shooter (level 5, -12/30 HPs)
             Began as a Gargoyle Hexslinger on July 10, 2023.
             Killed from afar by Blork the orc (15 damage)
             ... with a puff of frost
             ... on level 4 of the Dungeon.
             The game lasted 00:00:51 (1943 turns).

qw the Shooter (Gargoyle Hexslinger)                Turns: 1943, Time: 00:00:51

Health: -12/30     AC: 10    Str: 11    XL:     5   Next: 53%
Magic:  6/6        EV: 10    Int: 14    God:
Gold:   176        SH:  0    Dex: 14    Spells: 5/6 levels left

rFire   + . .        Y - +1 sling
rCold   . . .        (no shield)
rNeg    + . .        d - +0 ring mail
rPois   inf          (no helmet)
rElec   +            (no cloak)
rCorr   .            a - +0 pair of gloves
SInv    .            (no boots)
Will    .....        b - amulet of regeneration
Stlth   +            h - ring of protection from fire
HPRegen 1.05/turn    (no ring)
MPRegen 0.10/turn

%: no passive effects
@: about to teleport
A: sickness immunity, AC +4, negative energy resistance 1, electricity
resistance, torment resistance 1, petrification resistance
a: no special abilities


You were on level 4 of the Dungeon.
You visited 1 branch of the dungeon, and saw 4 of its levels.

You collected 176 gold pieces.


Innate Abilities, Weirdness & Mutations

You are immune to sickness and miasma.
Your stone body is resilient. (AC +4)
You are immune to poison.
You resist negative energy. (rN+)
You are resistant to electric shocks. (rElec)
You are resistant to unholy torment.
You are immune to petrification.


   Skills:
 - Level 2.1 Fighting
 + Level 4.9 Ranged Weapons
 - Level 1.8 Armour
 - Level 1.5 Dodging
 - Level 1.0 Spellcasting
 - Level 2.6 Hexes


You had 5 spell levels left.
You knew the following spells:

 Your Spells              Type           Power      Damage    Failure   Level
a - Slow                  Hex            32%        N/A       21%         1

Your spell library contained the following spells:

 Spells                   Type           Power      Damage    Failure   Level
 Inner Flame              Hex/Fire       4%         N/A       71%         3
 Portal Projectile        Hex/Tloc       8%         N/A       71%         3
 Cause Fear               Hex            4%         N/A       90%         4

Inventory:

Hand Weapons
 Y - a +1 sling (weapon)
Armour
 a - a +0 pair of gloves (worn)
 d - a +0 ring mail (worn)
Jewellery
 b - an amulet of regeneration (around neck)
 h - a ring of protection from fire (left hand)
Scrolls
 c - a scroll of vulnerability {unknown}
 g - a scroll of teleportation
 k - 2 scrolls of identify
 m - a scroll of enchant weapon {unknown}
Potions
 e - a potion of degeneration {unknown}
 f - a potion of lignification {unknown}
 i - a potion of attraction {unknown}
 j - a potion of haste
 l - a potion of curing

Dungeon Overview and Level Annotations

Branches:
Dungeon (4/15)
 Temple: D:4-7

Altars:
Qazlal
The Shining One

Annotations:
D:4 Blork the orc


Message History

Blork the orc closely misses you.
Blork the orc hits you with a +0 dire flail!
You shoot a sling bullet. The sling bullet hits Blork the orc.
Blork the orc is moderately wounded.
Blork the orc barely misses you.
Blork the orc screams, "I'll eat your brain!
And then I'll vomit it back up!"
Blork the orc barely misses you.
You shoot a sling bullet.
The sling bullet hits Blork the orc but does no damage.
Blork the orc is moderately wounded.
Blork the orc closely misses you.
Blork the orc looks encouraged for a moment.
You shoot a sling bullet.
The sling bullet barely misses Blork the orc.
Blork the orc casts a spell at you.
The puff of flame hits you but does no damage.
Blork the orc hits you with a +0 dire flail.
You shoot a sling bullet.
The sling bullet barely misses Blork the orc.
Blork the orc hits you with a +0 dire flail.
Blork the orc misses you.
You shoot a sling bullet. The sling bullet hits Blork the orc.
Blork the orc is moderately wounded.
Blork the orc hits you but does no damage.
Blork the orc hits you with a +0 dire flail!
You shoot a sling bullet.
The sling bullet closely misses Blork the orc.
Blork the orc hits you but does no damage.
You shoot a sling bullet.
The sling bullet closely misses Blork the orc.
Blork the orc hits you with a +0 dire flail. x2
Blork the orc gestures at you while chanting.
The puff of frost hits you.
1943 ||| READING 2 scrolls of teleportation.
As you read the scroll of teleportation, it crumbles to dust.
You feel strangely unstable.
Blork the orc gestures at you while chanting.
The puff of frost hits you!
Ouch! That really hurt!
You die...

.. .# ## .. ..
#.###. # #..... #.
#...# #.#####o.####
##......#@.[.##
##........#.#..#
#............#.###
#................#
#.......<..###.....
#..........#####...
#..................
##...(....#######.#
#..........#


You could see Blork the orc (fast).

Vanquished Creatures
  A hound (D:4)
  Jessica (D:2)
  An orc wizard (D:3)
  4 adders
  A dart slug (D:3)
  7 orcs (D:3)
  An endoplasm (D:3)
  A giant cockroach (D:1)
  A goblin (D:3)
  5 hobgoblins
  7 kobolds
  2 quokkas (D:3)
  5 ball pythons
  5 bats
  3 frilled lizards (D:2)
  5 rats
50 creatures vanquished.

Vanquished Creatures (others)
  An orc (D:3)
1 creature vanquished.

Grand Total: 51 creatures vanquished

Notes
Turn   | Place    | Note
-------+----------+-------------------------------------------
     0 | D:1      | qw the Gargoyle Hexslinger began the quest for the Orb.
     0 | D:1      | Reached XP level 1. HP: 12/12 MP: 2/2
     0 | D:1      | 0 ||| qw: Version: 0.3-a-52-g30416fa
     0 | D:1      | 0 ||| qw: Game counter: 4878
     0 | D:1      | 0 ||| qw: Melee chars always use a shield: true
     0 | D:1      | 0 ||| qw: God list: Okawaru
     0 | D:1      | 0 ||| qw: Allow faded altars: false
     0 | D:1      | 0 ||| qw: Do Orc after clearing Dungeon:15 true
     0 | D:1      | 0 ||| qw: Do second Lair branch before Depths: true
     0 | D:1      | 0 ||| qw: Lair rune preference: random
     0 | D:1      | 0 ||| qw: Goals: Normal
     0 | D:1      | 0 ||| PLANNING D:1-11
   179 | D:1      | Reached XP level 2. HP: 16/16 MP: 3/3
   513 | D:1      | Reached skill level 3 in Ranged Weapons
   596 | D:1      | 596 ||| READING scroll labelled IGGIDIOVIOL.
   597 | D:1      | 597 ||| READING 2 scrolls labelled VIASADOFOW.
   600 | D:1      | 600 ||| READING scroll labelled RIYPSU ODEPH.
   601 | D:1      | 601 ||| READING scroll labelled NIKHLY JAELESOH.
   602 | D:1      | 602 ||| DROPPING scroll of poison.
   616 | D:2      | 616 ||| STAIRDANCE
   664 | D:2      | Reached XP level 3. HP: 21/21 MP: 4/4
   665 | D:2      | Found a stormy altar of Qazlal.
   712 | D:2      | Noticed Jessica
   714 | D:2      | Killed Jessica
   907 | D:2      | Reached XP level 4. HP: 23/26 MP: 5/5
  1205 | D:2      | 1205 ||| UPGRADING to +0 ring mail.
  1215 | D:2      | 1215 ||| DROPPING +0 robe.
  1216 | D:2      | 1216 ||| UPGRADING to amulet of regeneration.
  1221 | D:2      | 1221 ||| READING scroll labelled DYUHIB ZIATZ.
  1222 | D:2      | 1222 ||| DRINKING 2 puce potions.
  1253 | D:3      | Reached skill level 4 in Ranged Weapons
  1274 | D:3      | 1274 ||| DRINKING potion of curing.
  1274 | D:3      | 1274 ||| (to cure confusion)
  1285 | D:3      | Reached skill level 1 in Armour
  1395 | D:3      | Reached XP level 5. HP: 30/30 MP: 6/6
  1556 | D:3      | Found a glowing golden altar of the Shining One.
  1817 | D:3      | 1817 ||| UPGRADING to +0 pair of gloves.
  1822 | D:3      | 1822 ||| UPGRADING to ring of protection from fire.
  1823 | D:3      | 1823 ||| READING 2 scrolls labelled YMEELL YZEWY.
  1824 | D:3      | 1824 ||| DRINKING 2 smoky coppery potions.
  1825 | D:3      | 1825 ||| DROPPING scroll of amnesia.
  1928 | D:4      | Noticed Blork the orc
  1942 | D:4      | HP: 2/30 [Blork the orc/puff of frost (6)]
  1943 | D:4      | 1943 ||| READING 2 scrolls of teleportation.
  1943 | D:4      | Killed from afar by Blork the orc

Levels and vault maps discovered:
D:1:      lightli_arrival_lavapool, layout_loops_ring, minmay_statues_item
D:2:      layout_rooms, basic_altar, uniq_jessica
D:3:      layout_rooms, nicolae_overflow_crystal_walls,
          minmay_shallow_snake_nest
D:4:      layout_rooms, nrook_uturn, uniq_blork_the_orc

Skill      XL: |  1  2  3  4 |
---------------+-------------+-----
Ranged Weapons | 3 4 |  4.9
Fighting       | 2 |  2.1
Armour         | 1 |  1.8
Dodging        | |  1.5
Spellcasting   | |  1.0
Hexes          | |  2.6

Action                     |  1- 3 |  4- 6 || total
---------------------------+-------+-------++-------
   Fire: Sling             |    90 |   108 ||   198
    Use: Scroll            |     4 |     3 ||     7
         Potion            |       |     3 ||     3
 Armour: Robe              |     9 |       ||     9
         Ring mail         |       |    43 ||    43
  Dodge: Dodged            |    33 |    48 ||    81

Table legend:
 A = Non-vault XP
 B = Vault XP
 C = Vault XP percentage of total XP
 D = Non-vault monster count
 E = Vault monster count
 F = Vault count percentage of total count
                 A         B        C        D         E       F
            +---------+---------+-------+---------+---------+-------
      Total |     193 |      55 |  22.2 |      45 |       5 |  10.0
            +---------+---------+-------+---------+---------+-------
        D:1 |      23 |       0 |   0.0 |      16 |       0 |   0.0
        D:2 |      36 |      37 |  50.7 |       9 |       1 |  10.0
        D:3 |      89 |      18 |  16.8 |      19 |       4 |  17.4
        D:4 |      45 |       0 |   0.0 |       1 |       0 |   0.0
            +---------+---------+-------+---------+---------+-------
